 Dungeon Crawl Stone Soup version 0.23.0-2-g0fe3ce5 (webtiles) character file.

Game seed: 18086048850423682609

39234 Inarius the Slicer (level 14, -1/113 HPs)
             Began as a Merfolk Arcane Marksman on Feb 19, 2019.
             Was a High Priest of Trog.
             Slain by a death yak (14 damage)
             ... led by a torpor snail
             ... on level 5 of the Lair of Beasts.
             The game lasted 00:57:06 (28351 turns).

Inarius the Slicer (Merfolk Arcane Marksman)       Turns: 28351, Time: 00:57:07

Health: -1/113     AC: 12    Str: 13    XL:     14   Next: 5%
Magic:  5/5        EV: 23    Int: 14    God:    Trog [*****.]
Gold:   707        SH:  4    Dex: 22    Spells: 14/15 levels left

rFire    + . .     SeeInvis .   y - +1 rapier (antimagic)
rCold    . . .     Gourm    .   (no shield)
rNeg     + . .     Faith    .   G - +2 leather armour {rF+}
rPois    .         Spirit   .   (no helmet)
rElec    .         Reflect  .   m - +0 cloak
rCorr    .         Harm     .   (no gloves)
MR       .....                  w - +0 pair of boots
Stlth    ++++++....             e - amulet "Okhlez" {MR- Regen+ Int+2 Dex+5}
HPRegen  0.00/turn              J - ring of positive energy
MPRegen  0.09/turn              r - +4 ring of protection

@: about to teleport, berserk cooldown, slowed, very slow
A: change form in water, swift swim, stealthy swim, large bone plates 1, high mp
1, inhibited regeneration
a: Berserk, Trog's Hand, Brothers in Arms, Renounce Religion


You were on level 5 of the Lair of Beasts.
You worshipped Trog.
Trog was extremely pleased with you.
You were not hungry.

You visited 2 branches of the dungeon, and saw 17 of its levels.
You also visited: Sewer.

You collected 1039 gold pieces.
You spent 332 gold pieces at shops.

Inventory:

Hand Weapons
 k - a +1 dagger of speed
 y - a +1 antimagic rapier (weapon)
 O - a +3 dagger
Missiles
 c - 6 javelins
 o - 338 stones
 P - 13 tomahawks
 S - 8 poisoned tomahawks (quivered)
Armour
 m - a +0 cloak (worn)
 s - the +7 gold dragon scales of the Vaults {rPois rF+ rC+ rN+}
   (You found it on level 8 of the Dungeon)

   It protects you from fire.
   It protects you from cold.
   It protects you from poison.
   It protects you from negative energy.
 w - a +0 pair of boots (worn)
 C - a +1 robe of cold resistance
 G - a +2 leather armour of fire resistance (worn)
 M - a +0 troll leather armour
 W - the cursed +0 leather armour "Wepsuofu" {rPois rC+ Str+4 Dex-4, unknown}
   (You found it on level 4 of the Lair of Beasts)

   It affects your strength (+4).
   It affects your dexterity (-4).
   It protects you from cold.
   It protects you from poison.
   It has a curse placed upon it.
Jewellery
 d - an uncursed ring of protection from magic
 e - the amulet "Okhlez" (around neck) {MR- Regen+ Int+2 Dex+5}
   (You found it on level 1 of the Lair of Beasts)

   [amulet of regeneration]

   It affects your intelligence (+2).
   It affects your dexterity (+5).
   It affects your resistance to hostile enchantments.
   It increases your rate of regeneration.
 h - an uncursed ring of resist corrosion
 r - a +4 ring of protection (right hand)
 J - a ring of positive energy (left hand)
 L - a cursed amulet of inaccuracy
 T - an uncursed ring of protection from fire {unknown}
 U - an uncursed ring of ice
 V - an uncursed ring of ice
Wands
 v - a wand of random effects (37)
 N - a wand of polymorph (15)
Scrolls
 a - 2 scrolls of teleportation
 b - 3 scrolls of random uselessness {unknown}
 i - 11 scrolls of remove curse
 j - 3 scrolls of fog
 l - 3 scrolls of magic mapping
 p - 6 scrolls of amnesia
 t - 4 scrolls of enchant armour
 B - 4 scrolls of enchant weapon
 F - 4 scrolls of fear
 Q - a scroll of immolation
 X - a scroll of holy word {unknown}
Potions
 g - 3 potions of might
 n - 3 potions of heal wounds
 q - 3 potions of brilliance {unknown}
 u - 4 potions of curing {unknown}
 x - 3 potions of agility {unknown}
 z - 3 potions of invisibility {unknown}
 A - 3 potions of magic
 D - 2 potions of degeneration {unknown}
 E - 4 potions of mutation
 H - 5 potions of resistance {unknown}
 I - 2 potions of haste {unknown}
 K - 3 potions of flight {unknown}
 R - a potion of lignification
Comestibles
 f - 29 rations


   Skills:
 + Level 11.0 Fighting
 + Level 13.6 Short Blades
 + Level 7.2 Throwing
 + Level 5.4 Armour
 + Level 12.6 Dodging
 * Level 13.4 Stealth
 + Level 1.0 Unarmed Combat
 - Level 1.0 Spellcasting
 - Level 3.0 Hexes
 + Level 2.4 Evocations


You had 14 spell levels left.
You knew the following spells:

 Your Spells              Type           Power        Failure   Level  Hunger
a - Corona                Hex            #......      10%         1    ##.....

Your spell library contained the following spells:

 Spells                   Type           Power        Failure   Level  Hunger
 Slow                     Hex            #.......     14%         2    ###....
 Inner Flame              Hex/Fire       #.......     45%         3    ####...
 Portal Projectile        Hex/Tloc       #.....       45%         3    ####...
 Cause Fear               Hex            #.........   67%         4    #####..
 Leda's Liquefaction      Hex/Erth       #.........   86%         4    #####..


Dungeon Overview and Level Annotations

Branches:
Dungeon (11/15)            Temple (0/1) D:7            Lair (6/6) D:9
  Swamp (0/4) Lair:2        Snake (0/4) Lair:2          Orc (0/2) D:9
  Slime: Lair:5-6

Altars:
Ashenzari
Cheibriados
Fedhas
Nemelex Xobeh
Okawaru
Trog
Vehumet
Xom
The Shining One

Shops:
D:8 [


Innate Abilities, Weirdness & Mutations

You revert to your normal form in water You are very nimble and swift while swimming.
You are very stealthy in the water. (Stealth+)
You are partially covered in large bone plates. (SH +4)
You have an increased reservoir of magic. (+10% MP)
You do not regenerate when monsters are visible.


Message History

You are no longer berserk.
You are exhausted.
You feel yourself slow down. The death yak gores you.
Unknown command.
The death yak completely misses you. The death yak gores you!
You see here a torpor snail corpse.
You butcher the torpor snail corpse.
The death yak gores you!!
Eat one of 4 chunks of flesh? (ye/n/q)
You eat one of the 4 chunks of flesh.
This raw flesh tastes terrible.
You are feeling very hungry.
The death yak misses you. The death yak gores you!!
* * * LOW HITPOINT WARNING * * *
Eat one of 3 chunks of flesh? (ye/n/q)
You eat one of the 3 chunks of flesh.
This raw flesh tastes terrible.
The death yak gores you!!
* * * LOW HITPOINT WARNING * * *
The death yak completely misses you.
As you read the scroll of teleportation, it crumbles to dust.
You feel strangely unstable. The death yak gores you!
You die...

## #### ### P###..###.##### ######
#### #
....#.#.#.....#####P##.####..####
.................................
................>##.#.#..........
........P..#....Y####..#........P
.^...##..#.##...@.P#..#.......#P.
.....####....#.รท.............P##.
......#P>..##....##....P#....###.
............#....##....###...##..
.......#..#.#.....#...###P....##.
..........####...##...###P....#P.
......#..####....##...##P.P..P###
.............................PP..
.................................


You could see a death yak.

Vanquished Creatures
  Fannar (D:11)
  7 hydras
  A two-headed ogre (D:9)
  A skeletal warrior (D:11)
  An unseen horror (D:10)
  A wolf spider zombie (D:8)
  2 manticores (D:11)
  A cyclops (D:11)
  5 elephants
  4 black mambas
  A torpor snail (Lair:5)
  5 spiny frogs
  4 rime drakes
  6 komodo dragons
  3 trolls
  3 polar bears (Lair:3)
  9 hippogriffs
  21 blink frogs
  A wraith (D:11)
  33 yaks
  2 wyverns
  2 steam dragons
  Sigmund (D:6)
  3 basilisks
  A hungry ghost (D:8)
  15 water moccasins
  5 porcupines
  A swamp drake (D:9)
  6 orc warriors
  3 ice beasts
  3 black bears
  A hornet zombie (D:11)
  2 sky beasts
  16 wolves
  7 centaurs
  6 ogres
  10 crocodiles
  2 big kobolds
  Blork the orc (D:6)
  6 bullfrogs
  2 wyvern zombies
  4 scorpions
  14 killer bees
  5 wights (D:9)
  5 electric eels (Lair:2)
  A howler monkey (D:5)
  4 crimson imps
  2 centaur zombies
  2 bullfrog zombies
  A quasit (D:6)
  3 jellies
  4 orc priests
  7 hounds
  10 orc wizards
  3 bullfrog skeletons
  3 iguanas
  4 hell rats (Lair:2)
  11 worker ants
  2 hound zombies
  2 hound skeletons
  A howler monkey zombie (D:7)
  3 worker ant zombies
  14 adders
  7 gnolls
  16 river rats
  4 oozes
  An adder skeleton (D:6)
  4 worms
  A dart slug (D:3)
  4 leopard geckos
  42 orcs
  8 ball pythons
  8 bats
  7 giant cockroaches
  6 goblins
  4 hobgoblins
  2 jackals (D:4)
  19 kobolds
  9 quokkas
  5 frilled lizards
  11 rats
468 creatures vanquished.

Vanquished Creatures (others)
  9 fungi
  5 plants
14 creatures vanquished.

Grand Total: 482 creatures vanquished

Notes
Turn   | Place    | Note
-------+----------+-------------------------------------------
     0 | D:1      | Inarius the Merfolk Arcane Marksman began the quest for the
                  | Orb.
     0 | D:1      | Reached XP level 1. HP: 15/15 MP: 2/2
   732 | D:1      | Reached XP level 2. HP: 18/21 MP: 3/3
  1684 | D:2      | Reached skill level 1 in Stealth
  1763 | D:2      | Found a radiant altar of Vehumet.
  1891 | D:2      | Reached XP level 3. HP: 26/26 MP: 4/4
  2119 | D:2      | Found a glowing golden altar of the Shining One.
  2213 | D:2      | Reached skill level 1 in Short Blades
  2480 | D:2      | Noticed a moth of wrath
  2489 | D:2      | Found a bloodstained altar of Trog.
  2733 | D:2      | Reached XP level 4. HP: 30/32 MP: 5/5
  2756 | D:2      | Became a worshipper of Trog the Wrathful
  3624 | D:3      | Reached skill level 1 in Armour
  4057 | D:4      | Found a blossoming altar of Fedhas.
  4081 | D:4      | Reached XP level 5. HP: 26/37 MP: 6/6
  4088 | D:4      | Reached * piety under Trog
  4251 | D:4      | Found an iron altar of Okawaru.
  4252 | D:4      | Found a snail-covered altar of Cheibriados.
  4646 | D:3      | Reached XP level 6. HP: 44/44 MP: 7/7
  5520 | D:4      | Reached XP level 7. HP: 22/50 MP: 8/8
  6369 | D:5      | Entered Level 5 of the Dungeon
  6445 | D:5      | Found a glowing drain.
  6712 | Sewer    | Entered a sewer
  6832 | Sewer    | Reached ** piety under Trog
  6952 | Sewer    | Reached skill level 5 in Dodging
  7450 | D:5      | Reached skill level 5 in Short Blades
  7450 | D:5      | Reached XP level 8. HP: 57/57 MP: 9/9
  8888 | D:6      | Noticed Sigmund
  8899 | D:5      | Reached skill level 5 in Throwing
  9117 | D:6      | Killed Sigmund
  9550 | D:6      | Reached XP level 9. HP: 65/65 MP: 10/10
  9891 | D:6      | Reached *** piety under Trog
 10221 | D:6      | Noticed Blork the orc
 10225 | D:6      | Killed Blork the orc
 10417 | D:6      | Found a sparkling altar of Nemelex Xobeh.
 11010 | D:7      | Found a staircase to the Ecumenical Temple.
 11056 | D:7      | Reached skill level 5 in Fighting
 11398 | D:7      | Reached skill level 5 in Stealth
 11510 | D:7      | Found a shimmering altar of Xom.
 11511 | D:7      | Found a shimmering altar of Xom.
 11512 | D:7      | Found a shimmering altar of Xom.
 11512 | D:7      | Found a shimmering altar of Xom.
 11512 | D:7      | Found a shimmering altar of Xom.
 11513 | D:7      | Found a shimmering altar of Xom.
 11514 | D:7      | Found a shimmering altar of Xom.
 11514 | D:7      | Found a shimmering altar of Xom.
 11741 | D:8      | Got transparent gold dragon scales
 11755 | D:8      | Identified the +7 gold dragon scales of the Vaults {rPois
                  | rF+ rC+ rN+} (You found it on level 8 of the Dungeon)
 11807 | D:8      | Reached XP level 10. HP: 38/74 MP: 11/11
 12068 | D:8      | Reached **** piety under Trog
 12143 | D:8      | Found Ogaat's Antique Armour Boutique.
 12150 | D:8      | Bought a dyed leather armour for 175 gold pieces
 13027 | D:9      | Found a staircase to the Orcish Mines.
 13051 | D:9      | Reached skill level 10 in Short Blades
 13297 | D:9      | Found a shattered altar of Ashenzari.
 13675 | D:9      | Found a staircase to the Lair.
 14080 | D:10     | Entered Level 10 of the Dungeon
 14518 | D:10     | Noticed a two-headed ogre
 14936 | D:9      | Killed a two-headed ogre
 14936 | D:9      | Reached XP level 11. HP: 83/83 MP: 12/12
 16755 | D:10     | Paralysed by fainting for 9 turns
 17002 | D:10     | Gained mutation: You do not regenerate when monsters are
                  | visible. [potion of mutation]
 17002 | D:10     | Gained mutation: You have an increased reservoir of magic.
                  | (+10% MP) [potion of mutation]
 17002 | D:10     | Gained mutation: You are partially covered in large bone
                  | plates. (SH +4) [potion of mutation]
 17002 | D:10     | HP: 2/84 [something (4)]
 17016 | D:10     | Killed an unseen horror
 18089 | D:11     | Noticed a manticore
 18099 | D:11     | Reached skill level 10 in Stealth
 18352 | D:11     | Noticed a cyclops
 18357 | D:11     | Noticed Fannar
 18359 | D:11     | Noticed a manticore
 18367 | D:11     | Killed a cyclops
 18376 | D:11     | Killed a manticore
 18409 | D:11     | Killed Fannar
 18409 | D:11     | Reached ***** piety under Trog
 18409 | D:11     | Reached skill level 1 in Unarmed Combat
 18841 | D:11     | Killed a manticore
 18888 | D:11     | Noticed a skeletal warrior
 18918 | D:11     | Noticed a skeletal warrior
 18918 | D:11     | Noticed a skeletal warrior
 19496 | D:11     | Reached XP level 12. HP: 94/94 MP: 14/14
 19714 | D:11     | HP: 1/94 [skeletal warrior/cursed -3 short sword[a skeletal
                  | warrior] (14)]
 20225 | Lair:1   | Entered Level 1 of the Lair of Beasts
 20277 | Lair:1   | Got a glittering crystal amulet
 20278 | Lair:1   | Identified the amulet "Okhlez" {MR- Regen+ Int+2 Dex+5}
                  | (You found it on level 1 of the Lair of Beasts)
 21162 | Lair:1   | You fall through a shaft!
 21191 | Lair:1   | Reached skill level 10 in Dodging
 22072 | Lair:2   | Found a staircase to the Snake Pit.
 22086 | Lair:2   | Reached skill level 5 in Armour
 22231 | Lair:2   | Found a staircase to the Swamp.
 22285 | Lair:2   | Received a gift from Trog
 22651 | Lair:2   | Reached skill level 1 in Evocations
 23400 | Lair:2   | Noticed a four-headed hydra
 23406 | Lair:2   | Killed a four-headed hydra
 23406 | Lair:2   | Received a gift from Trog
 23440 | Lair:2   | Noticed a seven-headed hydra
 23450 | Lair:2   | Killed a seven-headed hydra
 23505 | Lair:2   | Reached XP level 13. HP: 102/102 MP: 16/16
 24620 | D:8      | Bought a pair of boots for 157 gold pieces
 24923 | Lair:3   | Reached skill level 10 in Fighting
 25333 | Lair:3   | Received a gift from Trog
 27158 | Lair:4   | You fall through a shaft!
 27321 | Lair:4   | Got a heavily runed leather armour
 27929 | Lair:5   | Reached XP level 14. HP: 111/111 MP: 5/17
 28187 | Lair:6   | Entered Level 6 of the Lair of Beasts
 28351 | Lair:5   | Slain by a death yak

Skill      XL: |  1  2  3  4  5  6  7  8  9 10 11 12 13 14 |
---------------+-------------------------------------------+-----
Dodging        | 3 4 5 7 8 9 11 12 | 12.6
Stealth        | 1 2 4 5 9 10 12 13 | 13.4
Short Blades   | 1 2 3 5 7 9 10 11 12 13 | 13.6
Throwing       | 3 4 5 6 7 |  7.2
Armour         | 1 2 3 4 5 |  5.4
Fighting       | 2 3 5 6 8 9 10 11 | 11.0
Unarmed Combat | 1 |  1.0
Evocations     | 2 |  2.4
Spellcasting   | |  1.0
Hexes          | |  3.0

Action                   |  1- 3 |  4- 6 |  7- 9 | 10-12 | 13-15 || total
-------------------------+-------+-------+-------+-------+-------++-------
Melee: Dagger            |   117 |   329 |   865 |  2170 |   182 ||  3663
       Unarmed           |    21 |       |       |     2 |       ||    23
       Punch             |       |     2 |     4 |     9 |     4 ||    19
       Tailslap          |       |       |    17 |     5 |     7 ||    29
       Rapier            |       |       |       |       |   707 ||   707
Throw: Stone             |    51 |    37 |    90 |    13 |       ||   191
       Javelin           |     5 |     8 |    17 |    20 |     6 ||    56
       Throwing net      |     2 |     2 |       |       |       ||     4
       Tomahawk          |       |       |       |    28 |     6 ||    34
 Cast: Corona            |     5 |       |       |       |       ||     5
Invok: Berserk           |       |     1 |    17 |    33 |    11 ||    62
       Trog's Hand       |       |       |       |     2 |       ||     2
Evoke: Wand              |       |       |     6 |    28 |     1 ||    35
  Use: Potion            |       |     3 |       |     8 |       ||    11
       Scroll            |       |       |     7 |     7 |     9 ||    23
 Stab: Held in net/web   |     1 |       |       |       |       ||     1
       Distracted        |       |     1 |       |     1 |     2 ||     4
       Sleeping          |       |       |    10 |    27 |    12 ||    49
       Confused          |       |       |       |     1 |       ||     1
  Eat: Chunk             |     5 |     8 |    28 |    50 |    24 ||   115
       Ration            |       |     1 |     2 |     7 |     1 ||    11
Armor: Scale mail        |    10 |       |       |       |       ||    10
       Robe              |     8 |       |    20 |     3 |       ||    31
       Leather armour    |    10 |    23 |    78 |   180 |   100 ||   391
       Skin              |       |    29 |       |    13 |       ||    42
Dodge: Dodged            |    63 |   125 |   321 |   705 |   577 ||  1791
Block: Other             |       |       |       |    94 |   116 ||   210
